Map: King's Cove LE

Players

Vanya - Winner!

  • Race: Zerg Zerg
  • Spawn Location: 11:00

Bistork

  • Race: Protoss Protoss
  • Spawn Location: 5:00

Event: 2019 WCS Summer

VOD

Have the link to the VOD?

Description

Time

  • Played on: July 12, 2019, 2:47 p.m.
  • Length: 8:32

All games in this series

Show
View Real Time Build Order
Export as new Build Order

Vanya Zerg - Winner!

Build Orders: Hatch First 

Get SALT Encoding   

  12  0:00  Drone  
  13  0:13  Overlord  
  13  0:18  Drone  
  14  0:31  Drone x2  
  16  0:49  Hatchery  
  15  0:52  Drone  
  15  0:56  Drone  
  17  1:00  Drone  
  18  1:10  Extractor  
  17  1:15  Spawning Pool  
  17  1:18  Drone  
  17  1:21  Drone  
  18  1:28  Drone  
  20  1:40  Drone  
  20  1:50  Overlord  
  20  2:02  Queen x2  
  20  2:03  Zergling x4  
  26  2:11  Metabolic Boost  
  26  2:12  Drone  
  26  2:15  Drone  
  28  2:23  Drone x2  
  30  2:34  Drone x2  
  32  2:45  Drone  
  32  2:46  Drone  
  32  2:48  Hatchery  
  33  2:56  Overlord  
  32  3:00  Queen  
  32  3:03  Drone  
  35  3:10  Drone  
  35  3:12  Overlord  
  36  3:14  Drone x2  
  36  3:15  Drone x2  
  36  3:17  Zergling x2  
  36  3:19  Drone  
  42  3:24  Zergling x2  
  42  3:26  Overlord  
  43  3:31  Drone  
  43  3:34  Drone  
  45  3:36  Queen  
  45  3:40  Lair  
  47  3:44  Spore Crawler  
  47  3:45  Drone  
  47  3:48  Drone x2  
  49  3:53  Roach Warren  
  48  3:57  Drone, Extractor x2  
  48  4:02  Drone x2  
  49  4:13  Overlord  
  49  4:18  Drone  
  49  4:19  Drone x2  
  52  4:29  Overlord  
  52  4:33  Roach x7  
  52  4:36  Roach  
  68  4:41  Zergling x2, Roach  
  68  4:44  Zergling x2, Roach  
  73  4:54  Drone  
  73  4:58  Zergling x6, Roach x2  
  79  5:02  Ravager  
  80  5:07  Overlord  
  80  5:13  Overseer  
  80  5:14  Ravager, Overlord  
  80  5:15  Zergling x2  
  80  5:16  Overlord  
  80  5:20  Overlord  
  82  5:27  Zergling x6, Roach  
  82  5:28  Roach x2  
  88  5:35  Drone  
  80  5:37  Drone  
  80  5:38  Drone x3  
  80  5:42  Drone  
  79  5:43  Drone  
  79  5:48  Drone x2  
  82  5:51  Ravager x2  
  82  5:53  Drone  
  87  5:57  Roach  
  87  6:01  Zergling x4  
  87  6:03  Ravager x2  
  91  6:06  Zergling x4  
  91  6:08  Roach  
  97  6:11  Roach  
  97  6:12  Zergling x2  
  100  6:18  Zergling x2, Roach x2  
  100  6:24  Zergling x4, Roach  
  100  6:25  Zergling x2  
  107  6:32  Zergling x4, Roach x2  
  113  6:38  Overlord  
  113  6:42  Overlord  
  113  6:48  Overlord  
  113  6:51  Overlord  
  113  6:58  Zergling x2  
  113  6:59  Zergling x4, Roach x3  
  120  7:05  Zergling x2  
  120  7:06  Zergling x4, Roach x2  
  120  7:08  Roach  
  123  7:15  Ravager x2  
  125  7:16  Zergling x4, Roach x2  
  125  7:18  Zergling x2  
  130  7:23  Zergling x2, Roach  
  130  7:25  Roach x2  
  133  7:33  Zergling x4, Roach x2  
  133  7:36  Ravager  
  125  7:42  Zergling x2, Roach x2  
  120  7:50  Roach  
  105  7:52  Zergling x2, Roach  
  105  7:58  Zergling x2, Roach x2  
  107  8:00  Zergling x2  
  107  8:04  Zergling x2  
  110  8:08  Evolution Chamber  
  110  8:09  Drone  
  110  8:11  Drone, Ravager x2  
  112  8:14  Drone  
Show
View Real Time Build Order
Export as new Build Order

Bistork Protoss 

Build Orders: 1 Gate Expand 

Get SALT Encoding   

  12  0:00  Probe  
  13  0:13  Probe  
  14  0:19  Pylon  
  14  0:25  Probe  
  15  0:33  Probe  
  15  0:40  Gateway  
  15  0:41  Probe  
  16  0:48  Assimilator  
  17  0:51  Probe  
  18  1:04  Probe  
  19  1:16  Probe  
  20  1:24  Nexus  
  20  1:35  Cybernetics Core  
  20  1:40  Probe  
  20  1:45  Assimilator  
  21  1:52  Probe  
  21  1:53  Pylon  
  22  2:02  Adept  
  22  2:04  Probe  
  25  2:16  Probe  
  26  2:23  Twilight Council  
  26  2:28  Stalker, Probe  
  27  2:30  Warp Gate  
  27  2:35  Probe  
  27  2:40  Probe  
  27  2:43  Probe  
  32  2:53  Probe x2  
  34  2:59  Adept  
  34  3:04  Resonating Glaives  
  36  3:07  Probe  
  36  3:09  Probe  
  38  3:19  Probe, Gateway  
  39  3:21  Probe  
  39  3:26  Gateway  
  40  3:31  Probe  
  41  3:37  Probe  
  41  3:39  Pylon  
  42  3:43  Pylon  
  42  3:45  Probe  
  43  3:49  Probe  
  44  3:57  Probe  
  45  4:04  Probe  
  45  4:07  Assimilator  
  45  4:08  Assimilator, Pylon  
  46  4:11  Robotics Facility  
  46  4:13  Probe  
  47  4:18  Probe  
  47  4:19  Adept x2  
  47  4:20  Adept  
  47  4:23  Pylon  
  54  4:25  Probe  
  54  4:30  Probe  
  56  4:38  Pylon  
  56  4:39  Adept  
  56  4:40  Adept x2  
  62  4:47  Immortal  
  62  4:49  Probe  
  62  4:50  Probe  
  64  5:04  Adept x3  
  74  5:12  Gateway  
  74  5:13  Gateway  
  74  5:16  Immortal  
  74  5:28  Sentry x3  
  74  5:46  Immortal  
  70  5:53  Gateway  
  70  5:54  Sentry x2  
  70  5:55  Sentry  
  70  5:56  Gateway  
  80  5:58  Gateway  
  80  6:03  Pylon  
  80  6:06  Pylon  
  80  6:10  Sentry  
  82  6:12  Sentry  
  82  6:15  Warp Prism  
  84  6:22  Pylon  
  86  6:26  Sentry x2  
  86  6:27  Sentry  
  86  6:32  Pylon  
  92  6:39  Pylon  
  92  6:42  Adept x2  
  96  6:47  Adept  
  96  6:50  Adept  
  99  7:07  Adept x2  
  99  7:08  Adept x2  
  101  7:09  Adept x3  
  101  7:14  Pylon  
  103  7:35  Adept x8  
  95  7:48  Immortal  
  65  8:05  Adept x6  
  75  8:06  Sentry x2  
  73  8:26  Adept x3  
Tags
 
Add a new tag
Caveats
  • Supply blocks, unpowered buildings, or Contaminate may cause inaccurate times.
  • Supply counts are checked every 10 seconds.